 Dungeon Crawl Stone Soup version 0.22.1-2-g9c5b331383 (webtiles) character file.

331 Peloso the Covered (level 6, -5/53 HPs)
             Began as a Minotaur Fighter on Jan 7, 2019.
             Killed from afar by Blork the orc (8 damage)
             ... with a puff of flame
             ... on level 4 of the Dungeon.
             The game lasted 00:05:11 (2498 turns).

Peloso the Covered (Minotaur Fighter)               Turns: 2498, Time: 00:05:11

Health: -5/53      AC:  9    Str: 19    XL:     6   Next: 26%
Magic:  5/5        EV:  6    Int:  5    God:
Gold:   204        SH:  9    Dex: 11    Spells: 5/5 levels left

rFire    . . .     SeeInvis .   a - +0 long sword
rCold    . . .     Gourm    .   c - +0 shield
rNeg     . . .     Faith    .   v - +0 chain mail (curse)
rPois    .         Spirit   .   (helmet restricted)
rElec    .         Reflect  .   (no cloak)
rCorr    .         Harm     .   (no gloves)
MR       .....                  (no boots)
Stlth    ..........             o - amulet of regeneration
HPRegen  0.57/turn              m - -2 ring of strength (curse)
MPRegen  0.09/turn              (no ring)

@: no status effects
A: retaliatory headbutt, horns 2
a: no special abilities


You were on level 4 of the Dungeon.
You were hungry.

You visited 1 branch of the dungeon, and saw 4 of its levels.

You collected 204 gold pieces.

Inventory:

Hand Weapons
 a - a +0 long sword (weapon)
 n - a cursed -1 whip
 s - a +2 dagger of holy wrath
Armour
 b - a +0 scale mail
 c - a +0 shield (worn)
 v - a cursed +0 chain mail (worn)
Jewellery
 l - an uncursed amulet of faith
 m - a cursed -2 ring of strength (left hand)
 o - an amulet of regeneration (around neck)
Scrolls
 e - 2 scrolls of amnesia {unknown}
 g - 4 scrolls of identify {unknown}
 h - a scroll of enchant armour {unknown}
 j - a scroll of fog {unknown}
 p - a scroll of immolation {unknown}
 q - a scroll of fear {unknown}
 r - a scroll of blinking {unknown}
 u - a scroll of teleportation {unknown}
Potions
 d - 2 potions of might
 i - a potion of lignification {unknown}
 k - a potion of flight {unknown}
 t - a potion of heal wounds {unknown}
 w - a potion of mutation {unknown}
 x - a potion of brilliance {unknown}
Comestibles
 f - 5 rations


   Skills:
 + Level 4.3 Fighting
 + Level 4.5 Long Blades
 + Level 4.9 Armour
 + Level 3.5 Dodging
 + Level 4.7 Shields


You had 5 spell levels left.
You didn't know any spells.
Your spell library was empty.

Dungeon Overview and Level Annotations

Branches:
Dungeon (4/15)
 Temple: D:4-7

Altars:
Dithmenos
Kikubaaqudgha
Nemelex Xobeh
Vehumet

Annotations:
D:4 Blork the orc


Innate Abilities, Weirdness & Mutations

You reflexively headbutt those who attack you in melee.
You have a pair of horns on your head.


Message History

Blork the orc hits you with an enchanted halberd!
* * * LOW HITPOINT WARNING * * *
You are feeling hungry.
You hit Blork the orc.
You headbutt Blork the orc, but do no damage.
Blork the orc is severely wounded.
The quokka barely misses you.
You riposte.
You hit the quokka but do no damage.
Blork the orc hits you with an enchanted halberd.
* * * LOW HITPOINT WARNING * * *
The quokka bites you but does no damage.
You closely miss Blork the orc.
Blork the orc is severely wounded.
Blork the orc casts a spell at you. The magic dart hits you!
* * * LOW HITPOINT WARNING * * *
The quokka twitches its whiskers.
The quokka bites you but does no damage.
Blork the orc casts a spell at you. The puff of flame hits you!
You die...

#####
.... ..#
#†# #r#
#@# #o#
.#+####.#
.......<#
.......##
...o...
##+#+##


You could see Blork the orc and a quokka.

Vanquished Creatures
  A hound (D:4)
  An orc priest (D:3)
  4 orc wizards (D:3)
  An iguana (D:4)
  4 adders
  A worm (D:3)
  3 dart slugs (D:1)
  12 orcs (D:3)
  3 giant cockroaches
  11 hobgoblins
  6 jackals (D:1)
  11 kobolds
  A quokka (D:3)
  4 bats
  5 frilled lizards
  6 goblins
  8 rats
82 creatures vanquished.

Notes
Turn   | Place    | Note
-------+----------+-------------------------------------------
     0 | D:1      | Peloso the Minotaur Fighter began the quest for the Orb.
     0 | D:1      | Reached XP level 1. HP: 19/19 MP: 0/0
    47 | D:1      | Reached XP level 2. HP: 17/27 MP: 1/1
   365 | D:1      | Reached XP level 3. HP: 33/33 MP: 2/2
   816 | D:2      | Reached skill level 1 in Dodging
   999 | D:2      | Found a radiant altar of Vehumet.
  1249 | D:2      | Reached XP level 4. HP: 40/40 MP: 3/3
  1605 | D:3      | Found a shadowy altar of Dithmenos.
  1827 | D:3      | Reached XP level 5. HP: 41/46 MP: 4/4
  2045 | D:3      | Found an ancient bone altar of Kikubaaqudgha.
  2062 | D:3      | Reached XP level 6. HP: 26/52 MP: 5/5
  2394 | D:3      | Found a sparkling altar of Nemelex Xobeh.
  2473 | D:4      | Noticed Blork the orc
  2498 | D:4      | Killed from afar by Blork the orc

Skill      XL: |  1  2  3  4  5 |
---------------+----------------+-----
Shields        | 4 |  4.7
Fighting       | 4 |  4.3
Long Blades    | 3 4 |  4.5
Dodging        | 1 3 |  3.5
Armour         | 4 |  4.9

Action                   |  1- 3 |  4- 6 || total
-------------------------+-------+-------++-------
Melee: Long sword        |   100 |   119 ||   219
       Headbutt          |    17 |    26 ||    43
  Eat: Chunk             |       |     5 ||     5
Armor: Scale mail        |    44 |    39 ||    83
       Chain mail        |       |    19 ||    19
Dodge: Dodged            |    29 |    38 ||    67
Block: Shield            |    60 |    61 ||   121
       Rpst.: Long sword |    11 |     8 ||    19
